 Dungeon Crawl Stone Soup version 0.31-a0-66-ge618eeaa78 (webtiles) character file.

Game seed: 5880767715253069214

335 Dittersdorf the Covered (level 6, -2/40 HPs)
             Began as a Gargoyle Fighter on May 22, 2023.
             Slain by AwFulAwFulPlayer's ghost (8 damage)
             ... on level 4 of the Dungeon.
             The game lasted 00:03:59 (2851 turns).

Dittersdorf the Covered (Gargoyle Fighter)          Turns: 2851, Time: 00:03:59

Health: -2/40      AC: 16    Str: 22    XL:     6   Next: 53%
Magic:  6/6        EV:  8    Int:  8    God:
Gold:   118        SH:  4    Dex:  9    Spells: 5/5 levels left

rFire   . . .        a - +1 flail
rCold   . . .        c - +0 buckler
rNeg    + . .        i - +0 chain mail
rPois   ∞            q - +0 helmet
rElec   +            (no cloak)
rCorr   .            v - +0 pair of gloves
SInv    .            (no boots)
Will    .....        (no amulet) Stlth
                     (no ring)
HPRegen 0.26/turn    (no ring)
MPRegen 0.10/turn

%: no passive effects
@: no status effects
A: sickness immunity, AC +4, negative energy resistance 1, electricity
resistance, torment resistance 1, petrification resistance
a: no special abilities


You were on level 4 of the Dungeon.
You visited 1 branch of the dungeon, and saw 4 of its levels.

You collected 118 gold pieces.

Inventory:

Hand Weapons
 a - a +1 flail (weapon)
Armour
 c - a +0 buckler (worn)
 i - a +0 chain mail (worn)
 q - a +0 helmet (worn)
 u - a +0 plate armour
 v - a +0 pair of gloves (worn)
Scrolls
 b - a scroll of enchant weapon
 f - a scroll of summoning {unknown}
 g - a scroll of poison {unknown}
 k - a scroll of teleportation {unknown}
 l - a scroll of magic mapping
 m - 2 scrolls of amnesia {unknown}
Potions
 d - a potion of might
 e - a potion of invisibility {unknown}
 j - a potion of lignification {unknown}
 n - a potion of mutation {unknown}
 o - a potion of resistance {unknown}
 p - a potion of berserk rage
 r - a potion of haste
 s - a potion of magic
 t - a potion of ambrosia


   Skills:
 + Level 4.8 Fighting
 + Level 3.7 Maces & Flails
 + Level 4.8 Armour
 + Level 4.8 Shields


You had 5 spell levels left.
You didn't know any spells.
Your spell library contained the following spells:

 Spells                   Type           Power      Damage    Failure   Level
 Portal Projectile        Hex/Tloc       0%         N/A       100%        3
 Summon Guardian Golem    Hex/Summ       0%         N/A       100%        3
 Tukima's Dance           Hex            0%         N/A       100%        3
 Blade Hands              Tmut           0%         N/A       100%        5
 Orb of Destruction       Conj           0%         9d5       100%        7
 Spellforged Servitor     Conj/Summ      0%         N/A       100%        7


Dungeon Overview and Level Annotations

Branches:
Dungeon (4/15)
 Temple: D:4-7

Altars:
Cheibriados
Sif Muna

Shops:
D:2 !

Annotations:
D:4 AwFulAwFulPlayer's ghost, novice GnFi


Innate Abilities, Weirdness & Mutations

You are immune to sickness and miasma.
Your stone body is resilient. (AC +4)
You are immune to poison.
You resist negative energy. (rN+)
You are resistant to electric shocks. (rElec)
You are resistant to unholy torment.
You are immune to petrification.


Message History

AwFulAwFulPlayer's ghost hits you.
You hit AwFulAwFulPlayer's ghost.
AwFulAwFulPlayer's ghost is severely damaged.
AwFulAwFulPlayer's ghost hits you!
You hit AwFulAwFulPlayer's ghost but do no damage.
AwFulAwFulPlayer's ghost is severely damaged.
You block AwFulAwFulPlayer's ghost's attack.
You sock AwFulAwFulPlayer's ghost!
AwFulAwFulPlayer's ghost is severely damaged.
You block AwFulAwFulPlayer's ghost's attack.
You hit AwFulAwFulPlayer's ghost but do no damage.
AwFulAwFulPlayer's ghost is severely damaged.
AwFulAwFulPlayer's ghost hits you!
* * * LOW HITPOINT WARNING * * *
You block AwFulAwFulPlayer's ghost's attack.
You barely miss AwFulAwFulPlayer's ghost.
AwFulAwFulPlayer's ghost is severely damaged.
AwFulAwFulPlayer's ghost hits you but does no damage.
You sock AwFulAwFulPlayer's ghost!
AwFulAwFulPlayer's ghost is almost destroyed.
AwFulAwFulPlayer's ghost hits you but does no damage.
You barely miss AwFulAwFulPlayer's ghost.
AwFulAwFulPlayer's ghost is almost destroyed.
AwFulAwFulPlayer's ghost hits you but does no damage.
You closely miss AwFulAwFulPlayer's ghost.
AwFulAwFulPlayer's ghost is almost destroyed.
AwFulAwFulPlayer's ghost hits you.
* * * LOW HITPOINT WARNING * * *
You hit AwFulAwFulPlayer's ghost but do no damage.
AwFulAwFulPlayer's ghost is almost destroyed.
You block AwFulAwFulPlayer's ghost's attack.
AwFulAwFulPlayer's ghost hits you.
* * * LOW HITPOINT WARNING * * *
You closely miss AwFulAwFulPlayer's ghost.
AwFulAwFulPlayer's ghost is almost destroyed.
AwFulAwFulPlayer's ghost hits you but does no damage.
You completely miss AwFulAwFulPlayer's ghost.
AwFulAwFulPlayer's ghost is almost destroyed.
AwFulAwFulPlayer's ghost hits you!
You die...

**,***,,,*,*~~~#..,,,,,***,,*****
**,* *****,*~~~#.#,***,,,,,,* **
,*,* *,*~~~#..,* *,,,,,,* *, ,,,*
*,#~W~#.#****,,,,,,* *, *******
**#~$~#..,,,,,,,,,,* *, *,,,,,**
#~~~#.#****,,,,,** *,
,,,,,,,****#~~~#.#,,,,,,,,,* **
,,,,,,,**,,#~~~#.#,***,,,,,* *
,,,∩,,,+..,#~S~#@#,*,*,*,*,* *
,,,,,,,#...##'##W#,*,,,*,*,* **
,,,,,,,*#........#,*,*,*,*,*****,
*,,,,,**#.###....#,*,***,*,**,,,,
*******,,.####.#.#,,,,,*,*,,,,,,,
,,,,* **,........#**,*,,,,,*****,
,,,,****,##....#<#,,,,,*,*,,,,,,,
,,,,,,,,,,+....###,,,,,,,,,***,,,
,,,,,,,,,,#....#,,,,,*,,,,,* *,,,


You could see AwFulAwFulPlayer's ghost.

Vanquished Creatures
  Sigmund (D:2)
  Robin (D:2)
  6 gnolls
  5 adders
  A worm (D:3)
  2 orcs (D:3)
  5 bats
  4 endoplasms
  3 giant cockroaches
  8 goblins (D:2)
  7 hobgoblins
  3 jackals (D:1)
  3 kobolds
  6 ball pythons
  9 frilled lizards
  4 rats
68 creatures vanquished.

Notes
Turn   | Place    | Note
-------+----------+-------------------------------------------
     0 | D:1      | Dittersdorf the Gargoyle Fighter began the quest for the
                  | Orb.
     0 | D:1      | Reached XP level 1. HP: 14/14 MP: 1/1
   308 | D:1      | Reached XP level 2. HP: 19/19 MP: 2/2
   340 | D:1      | Found a faded altar of an unknown god.
   626 | D:1      | Reached XP level 3. HP: 19/24 MP: 3/3
   867 | D:2      | Reached XP level 4. HP: 29/29 MP: 4/4
   978 | D:2      | Noticed Robin
   989 | D:2      | Killed Robin
  1356 | D:2      | Noticed Sigmund
  1379 | D:2      | Killed Sigmund
  1380 | D:2      | Reached XP level 5. HP: 18/34 MP: 5/5
  1380 | D:2      | Reached XP level 6. HP: 20/39 MP: 6/6
  1672 | D:2      | Found Suav's Distillery.
  2021 | D:3      | Identified the +2 leather armour of Asceticism {rN++ Int+4
                  | Stlth-}
  2028 | D:3      | Found a snail-covered altar of Cheibriados.
  2608 | D:3      | Found a shimmering blue altar of Sif Muna.
  2800 | D:4      | Found a runed translucent door.
  2812 | D:4      | Noticed AwFulAwFulPlayer's ghost (novice GnFi)
  2851 | D:4      | Slain by AwFulAwFulPlayer's ghost

Illustrated notes

Levels and vault maps discovered:
D:1:      psy_arrival_heroes, layout_basic,
          shapermc_ecumenical_altar_mp_vishouse, serial_glass, glass_columns_b,
          glass_columns_a, minmay_pentomino_r2
D:2:      layout_basic, serial_shops, shop, uniq_robin, uniq_sigmund
D:3:      layout_loops_ring, mainiacjoe_overflow_alcove_2,
          nicolae_sif_muna_little_library
D:4:      layout_basic, nicolae_dithmenos_the_darkroom, zin_purify,
          nicolae_overflow_hidden_temple, trog_hazing_becter, serial_shops,
          shop, ebering_ghost_sewer_f, kennysheep_flooded_box, uniq_pikel,
          uniq_ijyb

Skill      XL: |  1  2  3  4 |
---------------+-------------+-----
Fighting       | 4 |  4.8
Armour         | 4 |  4.8
Shields        | 4 |  4.8
Maces & Flails | 3 |  3.7

Action                     |  1- 3 |  4- 6 || total
---------------------------+-------+-------++-------
  Melee: Flail             |   110 |   175 ||   285
    Use: Scroll            |       |     6 ||     6
 Armour: Scale mail        |    15 |       ||    15
         Chain mail        |    61 |    97 ||   158
  Dodge: Dodged            |    63 |    47 ||   110
  Block: Buckler           |    19 |    29 ||    48

Table legend: (Time is in decaauts)
 A = Elapsed time spent in this place.
 B = Non-inter-level travel time spent in this place.
 C = Inter-level travel time spent in this place.
 D = Time resting spent in this place.
 E = Time spent auto-exploring this place.
 F = Levels seen in this place.
 G = Mean time per level.
                   A        B        C        D        E       F      G
               +--------+--------+--------+--------+--------+-----+--------+
         Total |   2930 |   2836 |     94 |    230 |   1898 |   4 |  732.5 |
       Dungeon |   2930 |   2836 |     94 |    230 |   1898 |   4 |  732.5 |
               +--------+--------+--------+--------+--------+-----+--------+

Top non-repeatable levels by time:
     D:2: 1183 daAuts
     D:3: 976 daAuts
     D:1: 711 daAuts
     D:4: 59 daAuts
